 Dungeon Crawl Stone Soup version 0.18-b1-22-ge198996 (webtiles) character file.

185 manyhoops the Cudgeler (level 5, -5/55 HPs)
             Began as an Ogre Gladiator on May 4, 2016.
             Slain by a gnoll
             ... wielding a +1 flail of holy wrath
              (7 damage)
             ... on level 3 of the Dungeon.
             The game lasted 00:06:45 (2846 turns).

manyhoops the Cudgeler (Ogre Gladiator)             Turns: 2846, Time: 00:06:47

Health: -5/55      AC:  6    Str: 20 (21) XL:     5   Next: 64%
Magic:  7/7        EV: 11    Int:  5 (7)  God:
Gold:   133        SH:  0    Dex:  7 (10) Spells: 0 memorised, 7 levels left

rFire  . . .     SeeInvis .     x - +0 giant club
rCold  . . .     Gourm    .     b - +0 robe
rNeg   . . .     Faith    .     (shield currently unavailable)
rPois  .         Spirit   .     c - +0 hat
rElec  .         Dismiss  .     p - +2 cloak
rCorr  .         Reflect  .     (gloves unavailable)
SustAt .         Harm     .     (boots unavailable)
MR     .....                    (no amulet)
Stlth  +.........               (no ring)
                                k - +1 ring of evasion

@: not resistant to hostile enchantments, very unstealthy
A: unfitting armour, tough skin 1
a: no special abilities


You were on level 3 of the Dungeon.
You were not hungry.

You visited 1 branch of the dungeon, and saw 4 of its levels.

You collected 133 gold pieces.

Inventory:

Hand Weapons
 a - a +0 flail
 x - a +0 giant club (weapon)
Missiles
 d - 4 throwing nets (quivered)
Armour
 b - a +0 robe (worn)
 c - a +0 hat (worn)
 p - a +2 cloak (worn)
Jewellery
 k - a +1 ring of evasion (left hand)
Wands
 n - a wand of flame (14/48)
Scrolls
 e - 2 scrolls of remove curse
 g - a scroll of magic mapping {unknown}
 m - a scroll of teleportation {unknown}
 r - a scroll of amnesia {unknown}
 v - a scroll of enchant armour
Potions
 i - a potion of haste {unknown}
 j - 3 potions of degeneration
 q - 2 potions of invisibility {unknown}
 s - a potion of curing {unknown}
 t - a potion of lignification {unknown}
 u - a potion of beneficial mutation {unknown}
Comestibles
 f - 3 bread rations
 h - a beef jerky
 l - 2 meat rations
 o - a royal jelly


   Skills:
 + Level 4.7 Fighting
 + Level 6.1 Maces & Flails
 - Level 2.1 Throwing
 + Level 3.1 Dodging
 - Level 1.6 Spellcasting


You had 7 spell levels left.
You didn't know any spells.

Dungeon Overview and Level Annotations

Branches:
Dungeon (4/15)
 Temple: D:4-7

Altars:
Ashenzari


Innate Abilities, Weirdness & Mutations

You are too large for most types of armour.
You have tough skin (AC +1).


Message History

The gnoll barely misses you. x2
You climb downwards. 3 orcs and 2 orc wizards come into view.
The orc wizard shouts!
The orc shouts!
The orc wizard shouts!
The orc shouts!
You hear a shout! x3
There is a stone staircase leading up here.
The gnoll hits you but does no damage.
The gnoll hits you with a flail of holy wrath!
You climb upwards.
The gnoll hits you with a spear.
* * * LOW HITPOINT WARNING * * *
The gnoll hits you with a spear!
* * * LOW HITPOINT WARNING * * *
There is a stone staircase leading down, spattered with blood here.
It was a potion of degeneration.
There was something very wrong with that liquid.
You feel weakened.
You feel dopey.
You feel clumsy. The gnoll hits you.
* * * LOW HITPOINT WARNING * * *
The gnoll hits you with a flail of holy wrath!
You die...

#.###.# #.# #.# #.# #.# #.###.#
#.###### #.....####......#
#.####......###.### ####### #.#
#......#...... #.....#########.#
#.....(#......
#...............####......###.##.
#.....##.###..#g@o##......##)..##
.#....##.# #..#g.g##.....##.....#
.#....##.###..#....#.....#.......
.............#.#.#.#........._...
.#....##.###..#.#.#.#'#.##.......
.............#.#.#.#.#.#.##.....#
..........###.#.#.#.#.#.#.##...##
.#...........#.#.#.#.#.#.#.##.##.
.....##...##..#.#.#.#.#.#.#.#.#.#


You could see an orc wizard and 3 gnolls.

Vanquished Creatures
  An ogre (D:3)
  2 adders (D:3)
  A gnoll (D:3)
  2 dart slugs (D:1)
  2 worms
  2 giant geckos
  An orc (D:3)
  4 giant cockroaches
  10 goblins
  10 hobgoblins
  2 quokkas
  9 bats
  4 giant newts
  8 kobolds
  3 rats
61 creatures vanquished.

Notes
Turn   | Place    | Note
--------------------------------------------------------------
     0 | D:1      | manyhoops the Ogre Gladiator began the quest for the Orb.
     0 | D:1      | Reached XP level 1. HP: 22/22 MP: 1/1
   312 | D:1      | Reached XP level 2. HP: 29/29 MP: 2/2
   541 | D:1      | Reached XP level 3. HP: 22/37 MP: 3/3
  1047 | D:2      | Reached skill level 5 in Maces & Flails
  1708 | D:3      | Reached XP level 4. HP: 40/48 MP: 4/4
  1894 | D:3      | Noticed an ogre
  2160 | D:3      | Found a shattered altar of Ashenzari.
  2458 | D:3      | Killed an ogre
  2458 | D:3      | Reached skill level 6 in Maces & Flails
  2458 | D:3      | Reached skill level 1 in Spellcasting
  2458 | D:3      | Reached XP level 5. HP: 18/55 MP: 5/7
  2846 | D:3      | HP: 2/55 [gnoll (3)]
  2846 | D:3      | Slain by a gnoll

Skill      XL: |  1  2  3  4 |
---------------+-------------+-----
Fighting       | 3 4 |  4.7
Dodging        | 3 |  3.1
Maces & Flails | 5 6 |  6.1
Spellcasting   | 1 |  1.6
Throwing       | |  2.1

Action                   |  1- 3 |  4- 6 || total
-------------------------+-------+-------++-------
Melee: Flail             |   155 |    49 ||   204
       Giant club        |       |     7 ||     7
Evoke: Wand              |       |     3 ||     3
  Use: Scroll            |       |     3 ||     3
       Potion            |       |     1 ||     1
 Stab: Sleeping          |     2 |       ||     2
  Eat: Chunk             |     2 |     2 ||     4
       Royal jelly       |       |     1 ||     1
Armor: Robe              |    45 |    34 ||    79
Dodge: Dodged            |    91 |    71 ||   162
